 Dungeon Crawl Stone Soup version 0.28-a0-1182-g381e24db82 (webtiles) character file.

Game seed: 308471387388028530

3436 AarnesTheHuman the Fighter (level 10, -2/87 HPs)
             Began as a Formicid Fighter on Dec 17, 2021.
             Was a Follower of Makhleb.
             Slain by a two-headed ogre (5 damage)
             ... created by the rage of Trog
             ... in an ossuary.
             The game lasted 00:14:53 (8831 turns).

AarnesTheHuman the Fighter (Formicid Fighter)       Turns: 8831, Time: 00:14:54

Health: -2/87      AC: 16    Str: 24    XL:     10   Next: 25%
Magic:  11/11      EV: 10    Int:  9    God:    Makhleb [*.....]
Gold:   330        SH:  4    Dex: 10    Spells: 9/9 levels left

rFire   + . .      SeeInvis +   a - +2 dagger (elec)
rCold   . . .      Faith    .   c - +0 buckler
rNeg    . . .      Spirit   .   w - +2 scale mail {rPois}
rPois   +          Reflect  .   (helmet unavailable)
rElec   .          Harm     .   (no cloak)
rCorr   .          Rampage  .   F - +0 pair of gloves
Will    +....                   x - +2 pair of boots
Stlth   ..........              (no amulet)
HPRegen 0.24/turn               i - ring of protection from fire
MPRegen 0.12/turn               o - ring of poison resistance

@: mighty
A: permanent stasis, dig shafts and tunnels, antennae 3, four strong arms
a: Dig, Renounce Religion


You were in an ossuary.
You worshipped Makhleb.
Makhleb was aware of your devotion.
You visited 1 branch of the dungeon, and saw 7 of its levels.
You also visited: Ossuary.

You collected 330 gold pieces.

Inventory:

Hand Weapons
 a - a +2 dagger of electrocution (weapon)
 b - a +2 dagger of venom
 n - a +1 dire flail of holy wrath
 p - a +0 war axe
 G - a +0 rapier of draining
Missiles
 e - 152 stones
 m - 22 sling bullets
 u - 48 bolts
 v - 13 poisoned darts (quivered)
 M - a curare-tipped dart
Armour
 c - a +0 buckler (worn)
 f - a +0 scale mail
 w - a +2 scale mail of poison resistance (worn)
 x - a +2 pair of boots (worn)
 y - a +1 chain mail
 F - a +0 pair of gloves (worn)
Magical Staves
 A - a staff of death
Jewellery
 i - a ring of protection from fire (left hand)
 o - a ring of poison resistance (right hand)
 q - a ring of protection from cold
 B - an amulet of magic regeneration
Wands
 r - a wand of flame (20)
 E - a wand of polymorph (20)
 H - a wand of iceblast (1)
 K - a wand of digging (7)
Scrolls
 g - 2 scrolls of magic mapping
 j - a scroll of enchant armour
 t - a scroll of blinking
 J - 4 scrolls of teleportation
 L - 2 scrolls of identify
Potions
 d - a potion of might
 h - 6 potions of curing
 k - 2 potions of heal wounds
 l - a potion of berserk rage {unknown}
 s - a potion of haste {unknown}
 z - 2 potions of magic
 C - a potion of ambrosia {unknown}
 D - a potion of cancellation {unknown}
 I - a potion of flight {unknown}


   Skills:
 + Level 11.1 Fighting
 - Level 2.9 Axes
 + Level 11.1 Armour
 - Level 3.6 Shields
 + Level 1.9 Invocations


You had 9 spell levels left.
You didn't know any spells.
Your spell library contained the following spells:

 Spells                   Type           Power      Damage    Failure   Level
 Magic Dart               Conj           0%         1d3       63%         1
 Call Imp                 Summ           0%         N/A       77%         2
 Dazzling Flash           Conj/Hex       0%         N/A       94%         3
 Mephitic Cloud           Conj/Pois/Air  0%         N/A       94%         3
 Iskenderun's Mystic Bla  Conj/Tloc      0%         2d3       100%        4
 Starburst                Conj/Fire      0%         6d3       100%        6


Dungeon Overview and Level Annotations

Branches:
Dungeon (7/15)             Temple (0/1) D:7         Ossuary (1/1)

Altars:
Ashenzari
Cheibriados
Fedhas
Gozag
Makhleb
Nemelex Xobeh
Trog
Vehumet
Wu Jian


Innate Abilities, Weirdness & Mutations

You cannot be hasted, slowed, berserked, paralysed or teleported.
You can dig through walls and to a lower floor.
You have a pair of large antennae on your head. (SInv)
Your four strong arms can wield two-handed weapons with a shield.


Message History

The black bear is almost dead.
The ogre barely misses you.
The black bear bites you but does no damage.
The black bear claws you but does no damage.
The black bear barely misses you. You block the black bear's attack. x3
You closely miss the black bear.
The black bear is almost dead.
The ogre hits you with a +0 giant spiked club!
The black bear bites you. The black bear misses you.
The black bear claws you but does no damage.
The black bear bites you. The black bear barely misses you.
You block the black bear's attack.
The black bear bites you but does no damage.
The black bear claws you.
The black bear claws you but does no damage.
The black bear completely misses you.
The black bear claws you but does no damage.
The black bear barely misses you.
You puncture the black bear!
You kill the black bear!
That felt strangely unrewarding.
The ogre closely misses you. The black bear bites you.
You block the black bear's attack. The black bear claws you.
The ogre hits you with a +0 giant spiked club!
You puncture the two-headed ogre!
The two-headed ogre is lightly wounded.
The two-headed ogre hits you with a +0 giant spiked club.
You block the two-headed ogre's attack. The black bear bites you.
* * * LOW HITPOINT WARNING * * *
The black bear claws you but does no damage.
The black bear closely misses you.
The ogre hits you with a +0 giant spiked club!
* * * LOW HITPOINT WARNING * * *
The black bear bites you.
* * * LOW HITPOINT WARNING * * *
You block the black bear's attack. The black bear barely misses you.
You hit the two-headed ogre.
The two-headed ogre is lightly wounded.
The two-headed ogre hits you with a +0 giant spiked club.
You die...

{ {
#+++#
####...#
#@O'...+
#Oh#...#
####...#
#...#
#...#
#...#
#...#
#...#
##'''##


You could see a two-headed ogre (berserk), a black bear (berserk) and an ogre
(berserk).

Vanquished Creatures
  Prince Ribbit (D:5)
  A steam dragon (D:6)
  2 wyverns
  Edmund (D:4)
  Duvessa (D:5)
  A water moccasin (D:4)
  5 sky beasts
  3 black bears
  An ice beast (D:6)
  4 ogres
  A centaur (D:6)
  A phantom (D:5)
  A kobold brigand (D:7)
  Blork the orc (D:5)
  2 bullfrogs
  2 scorpions
  A water moccasin zombie (D:3)
  Dowan (D:5)
  A water moccasin skeleton (D:6)
  A howler monkey (D:6)
  A bullfrog zombie (D:6)
  3 hounds
  An orc priest (D:5)
  2 centaur skeletons
  A jelly (D:4)
  3 bullfrog skeletons
  2 iguanas
  2 orc wizards (D:5)
  Natasha (thrice) (D:2)
  A mummy (Ossuary)
  5 adders
  An ufetubus (D:4)
  3 worms
  6 dart slugs
  10 orcs
  3 bats (D:1)
  13 endoplasms
  7 giant cockroaches
  10 goblins
  11 hobgoblins
  13 kobolds
  A quokka (D:2)
  8 ball pythons
  4 frilled lizards
  4 gnoll skeletons (Ossuary)
  2 kobold skeletons (Ossuary)
  3 orc skeletons (Ossuary)
  9 rats
164 creatures vanquished.

Notes
Turn   | Place    | Note
-------+----------+-------------------------------------------
     0 | D:1      | AarnesTheHuman the Formicid Fighter began the quest for the
                  | Orb.
     0 | D:1      | Reached XP level 1. HP: 18/18 MP: 1/1
    55 | D:1      | Reached XP level 2. HP: 20/24 MP: 2/2
   391 | D:1      | Reached XP level 3. HP: 23/29 MP: 3/3
  1022 | D:2      | Found a faded altar of an unknown god.
  1058 | D:2      | Noticed a scorpion
  1070 | D:2      | Killed a scorpion
  1071 | D:2      | Reached XP level 4. HP: 8/38 MP: 4/4
  1071 | D:2      | Reached XP level 5. HP: 9/43 MP: 5/5
  1580 | D:2      | Noticed Natasha
  1592 | D:2      | Killed Natasha
  1621 | D:2      | Noticed Natasha
  1702 | D:2      | Killed Natasha
  1703 | D:2      | Reached skill level 5 in Fighting
  1747 | D:2      | Noticed Natasha
  1749 | D:2      | Reached skill level 5 in Armour
  1752 | D:2      | Killed Natasha
  1753 | D:2      | Reached XP level 6. HP: 51/51 MP: 6/6
  2677 | D:3      | Found a snail-covered altar of Cheibriados.
  2677 | D:3      | Found an ornate altar of the Wu Jian Council.
  3610 | D:4      | Found a broken altar of Ashenzari.
  3654 | D:4      | Found a bloodstained altar of Trog.
  3665 | D:4      | Reached XP level 7. HP: 58/58 MP: 7/7
  3741 | D:4      | Noticed Edmund
  3798 | D:4      | Became a worshipper of Trog the Wrathful
  3866 | D:4      | Killed Edmund
  4309 | D:4      | Noticed a water moccasin
  4324 | D:4      | Reached XP level 8. HP: 56/67 MP: 8/8
  4932 | D:5      | Entered Level 5 of the Dungeon
  5101 | D:5      | Noticed a wyvern
  5110 | D:5      | Killed a wyvern
  5357 | D:5      | Noticed Duvessa
  5399 | D:5      | Killed Duvessa
  5425 | D:5      | Noticed Dowan
  5656 | D:5      | Killed Dowan
  5815 | D:5      | Reached XP level 9. HP: 41/75 MP: 9/9
  6340 | D:5      | Reached * piety under Trog
  6589 | D:5      | Noticed Blork the orc
  6597 | D:5      | Killed Blork the orc
  7000 | D:5      | Noticed Prince Ribbit
  7012 | D:5      | Killed Prince Ribbit
  7535 | D:6      | Found a blossoming altar of Fedhas.
  7677 | D:6      | Reached skill level 10 in Fighting
  7677 | D:6      | Reached skill level 10 in Armour
  7780 | D:6      | Found an opulent altar of Gozag.
  7780 | D:6      | Found a sparkling altar of Nemelex Xobeh.
  8091 | D:6      | Reached XP level 10. HP: 81/86 MP: 10/10
  8236 | D:6      | Found a radiant altar of Vehumet.
  8562 | D:6      | Found a burning altar of Makhleb.
  8631 | D:6      | Fell from the grace of Trog
  8631 | D:6      | Became a worshipper of Makhleb the Destroyer
  8677 | D:7      | Reached skill level 1 in Invocations
  8773 | D:7      | Found a sand-covered staircase.
  8779 | Ossuary  | Entered an ossuary
  8813 | Ossuary  | Reached * piety under Makhleb
  8824 | Ossuary  | Noticed a two-headed ogre
  8830 | Ossuary  | HP: 3/87 [black bear[the rage of Trog] (2)]
  8831 | Ossuary  | Slain by a two-headed ogre

Illustrated notes

Levels and vault maps discovered:
D:1:      erik_arrival_cave_to_civilisation [erik_arrival_cave_to_hall],
          layout_basic
D:2:      minmay_spotlight, layout_basic, ebering_ecumenical_altar_rust,
          hangedman_abyss_or_decor_stabs, uniq_natasha
D:3:      layout_loops_cross, jmf_multi_god_temple
D:4:      layout_loops_ring, lemuel_round_altar, evilmike_ruin_ashenzari,
          corner_web_ring, minmay_divided_ellipse, uniq_edmund
D:5:      layout_basic, uniq_duvessa, uniq_blork_the_orc, uniq_prince_ribbit1
D:6:      layout_gridville, grunt_temple_overflow_opulence,
          makhleb_heckhound_becter, lemuel_round_altar,
          nicolae_overflow_hidden_temple, kennysheep_potato
D:7:      nzn_winding_woodlands_small [nzn_winding_woodlands_5x15_parted,
          nzn_winding_woodlands_center_lodge,
          nzn_winding_woodlands_5x15_concentric], layout_cave_pools,
          tgw_kikubaaqudgha, minmay_temple_entry_offerings,
          nicolae_ossuary_entry_plus, gammafunk_ghost_arena
Ossuary:  ossuary_due_mausoleum

Skill      XL: |  1  2  3  4  5  6  7  8  9 10 |
---------------+-------------------------------+-----
Fighting       | 4 5 6 7 8 10 11 | 11.1
Armour         | 4 5 6 7 8 10 11 | 11.1
Invocations    | 1 |  1.9
Axes           | |  2.9
Shields        | |  3.6

Action                   |  1- 3 |  4- 6 |  7- 9 | 10-12 || total
-------------------------+-------+-------+-------+-------++-------
Melee: War axe           |    87 |       |       |       ||    87
       Dagger            |     3 |   195 |   318 |   121 ||   637
Throw: Stone             |       |       |     8 |       ||     8
       Dart              |       |       |    14 |     4 ||    18
 Abil: Dig               |       |     1 |     3 |     2 ||     6
  Use: Scroll            |       |     6 |     7 |     1 ||    14
       Potion            |       |       |       |     1 ||     1
Armor: Scale mail        |    38 |    48 |   119 |    80 ||   285
       Chain mail        |       |    29 |     1 |       ||    30
       Skin              |       |       |     5 |       ||     5
Dodge: Dodged            |    50 |    75 |   117 |    85 ||   327
Block: Buckler           |    19 |    36 |    50 |    38 ||   143

Table legend: (Time is in decaauts)
 A = Elapsed time spent in this place.
 B = Non-inter-level travel time spent in this place.
 C = Inter-level travel time spent in this place.
 D = Time resting spent in this place.
 E = Time spent auto-exploring this place.
 F = Levels seen in this place.
 G = Mean time per level.
                   A        B        C        D        E       F      G
               +--------+--------+--------+--------+--------+-----+--------+
         Total |   8842 |   8525 |    317 |   2203 |   4635 |   8 | 1105.2 |
       Dungeon |   8791 |   8474 |    317 |   2203 |   4635 |   7 | 1255.9 |
       Ossuary |     51 |     51 |      0 |      0 |      0 |   1 |   51.0 |
               +--------+--------+--------+--------+--------+-----+--------+

Top non-repeatable levels by time:
     D:5: 2365 daAuts
     D:4: 1387 daAuts
     D:6: 1361 daAuts
     D:2: 1296 daAuts
     D:1: 1270 daAuts
     D:3: 996 daAuts
     D:7: 113 daAuts
 Ossuary: 51 daAuts
